 Dungeon Crawl Stone Soup version 0.28-a0-925-gd5e1996cdb (webtiles) character file.

Game seed: 9834921874133363046

100 Anon1729 the Skirmisher (level 4, -2/37 (41) HPs)
             Began as a Minotaur Monk on Nov 26, 2021.
             Slain by Crazy Yiuf (5 damage)
             ... on level 2 of the Dungeon.
             The game lasted 00:01:58 (2552 turns).

Anon1729 the Skirmisher (Minotaur Monk)             Turns: 2552, Time: 00:01:58

HP:   -2/37 (41)    AC:  2    Str: 16    XL:     4   Next: 46%
MP:   3/3           EV: 13    Int:  7    God:
Gold: 103           SH:  0    Dex: 13    Spells: 3/3 levels left

rFire   . . .      SeeInvis .   a - +0 falchion
rCold   . . .      Faith    .   (no shield)
rNeg    . . .      Spirit   .   b - +0 robe
rPois   .          Reflect  .   (helmet restricted)
rElec   .          Harm     .   (no cloak)
rCorr   .          Rampage  .   (no gloves)
Will    .....                   (no boots)
Stlth   ++........              (no amulet)
HPRegen 0.12/turn               j - ring of wizardry
MPRegen 0.08/turn               (no ring)

@: drained
A: horns 2, retaliatory headbutt
a: no special abilities


You were on level 2 of the Dungeon.
You visited 1 branch of the dungeon, and saw 2 of its levels.

You collected 103 gold pieces.

Inventory:

Hand Weapons
 a - a +0 falchion (weapon)
Missiles
 i - an atropa-tipped dart (quivered)
Armour
 b - a +0 robe (worn)
Jewellery
 j - a ring of wizardry (left hand)
Scrolls
 c - a scroll of fog {unknown}
 e - a scroll of noise {unknown}
 h - a scroll of amnesia {unknown}
Potions
 d - a potion of lignification {unknown}
 f - a potion of resistance {unknown}
 g - a potion of heal wounds {unknown}
 k - a potion of invisibility {unknown}
 l - a potion of ambrosia {unknown}
 m - a potion of degeneration {unknown}
 n - a potion of curing {unknown}


   Skills:
 + Level 4.4 Fighting
 + Level 4.3 Long Blades
 + Level 2.0 Armour
 + Level 4.0 Dodging
 - Level 2.0 Stealth


You had 3 spell levels left.
You didn't know any spells.
Your spell library was empty.

Dungeon Overview and Level Annotations

Branches:
Dungeon (2/15)

Altars:
Gozag

Shops:
D:1 =

Annotations:
D:2 Crazy Yiuf


Innate Abilities, Weirdness & Mutations

You have a pair of horns on your head.
You reflexively headbutt those who attack you in melee.


Message History

Crazy Yiuf hits you with a +3 quarterstaff of chaos.
Crazy Yiuf freezes you.
You hit Crazy Yiuf. Your headbutt misses Crazy Yiuf.
Crazy Yiuf is lightly wounded.
Crazy Yiuf hits you with a +3 quarterstaff of chaos!
You feel drained.
You are too injured to fight recklessly!
You are too injured to fight recklessly!
You are too injured to fight recklessly!
You are too injured to fight recklessly!
You are too injured to fight recklessly!
You are too injured to fight recklessly!
You are too injured to fight recklessly!
You are too injured to fight recklessly!
You are too injured to fight recklessly!
You are too injured to fight recklessly!
You are too injured to fight recklessly!
There is an open translucent door here.
Crazy Yiuf says, "Blight head song!"
You aren't carrying any items that you can evoke.
Crazy Yiuf grits, "Trifle seventy water!"
Crazy Yiuf closely misses you. You furiously retaliate!
You headbutt Crazy Yiuf, but do no damage.
There are no items here.
Throw: 3 darts (atropa)
Press: ? - help, Q - select action Shift-Dir - straight line, f - Crazy Yiuf
Aim: Crazy Yiuf, wielding a +3 quarterstaff of chaos and wearing a +0 cloak (lightly wounded, 63% to hit, chance to blind on hit: 80%)
You throw an atropa-tipped dart.
The atropa-tipped dart barely misses Crazy Yiuf.
Crazy Yiuf says, "You snockshim toodlewoodle!"
Crazy Yiuf closely misses you.
Throw: 2 darts (atropa)
Press: ? - help, Q - select action Shift-Dir - straight line, f/p - Crazy Yiuf
Aim: Crazy Yiuf, wielding a +3 quarterstaff of chaos and wearing a +0 cloak (lightly wounded, 63% to hit, chance to blind on hit: 80%)
You throw an atropa-tipped dart.
The atropa-tipped dart barely misses Crazy Yiuf.
Crazy Yiuf hits you with a +3 quarterstaff of chaos!
* * * LOW HITPOINT WARNING * * *
You feel drained.
You die...

#.# #.##..<.....#....#.###...#
#.####.##.................#...#
.>...........##..##..####.#...#
#.#..........##..##..####.#...###
#.#.##.##.#......................
#.#.#..##.##..................###
#.#....##............>..#.###.#
#...#.#.###########.#####.# #.#
###......(.....g@...# #.# #.# #
##....###.######..# ###.###.### #
#....# #># #..# #..#.##.... #
#....# #.# #..###.#.#######
##...# #.# ####..##...#### ##.##
#.###....)........##### ##.#
#.#......###...##...... #.##
#.#......####.####..#.# ##.#
#...._........# ##.###


You could see Crazy Yiuf.

Vanquished Creatures
  Robin (D:2)
  3 adders (D:2)
  A worm (D:2)
  4 dart slugs
  An endoplasm (D:2)
  5 giant cockroaches
  14 goblins
  2 hobgoblins
  4 kobolds (D:1)
  5 bats
  3 frilled lizards (D:2)
  6 rats
49 creatures vanquished.

Notes
Turn   | Place    | Note
-------+----------+-------------------------------------------
     0 | D:1      | Anon1729 the Minotaur Monk began the quest for the Orb.
     0 | D:1      | Reached XP level 1. HP: 19/19 MP: 0/0
   331 | D:1      | Reached XP level 2. HP: 27/27 MP: 1/1
   482 | D:1      | Found Caotelono's Jewellery Boutique.
  1099 | D:2      | Reached skill level 1 in Armour
  1099 | D:2      | Reached XP level 3. HP: 29/33 MP: 2/2
  1172 | D:2      | Found an opulent altar of Gozag.
  1383 | D:2      | Reached XP level 4. HP: 9/40 MP: 3/3
  1834 | D:2      | Noticed Robin
  1846 | D:2      | Killed Robin
  2243 | D:2      | Found a runed translucent door.
  2244 | D:2      | Noticed Crazy Yiuf
  2552 | D:2      | Slain by Crazy Yiuf

Illustrated notes

Levels and vault maps discovered:
D:1:      giann_horns, layout_basic, serial_shops, shop
D:2:      layout_loops_ring, basic_altar, corexii_corridor_pit,
          grunt_decor_mini_mirrors, minivault_5, uniq_crazy_yiuf_cottage,
          uniq_robin

Skill      XL: |  1  2  3  4 |
---------------+-------------+-----
Stealth        | 2 |  2.0
Fighting       | 4 |  4.4
Long Blades    | 4 |  4.3
Armour         | 1 2 |  2.0
Dodging        | 4 |  4.0

Action                   |  1- 3 |  4- 6 || total
-------------------------+-------+-------++-------
Melee: Falchion          |    80 |    35 ||   115
       Headbutt          |     9 |     3 ||    12
Throw: Dart              |       |     2 ||     2
 Stab: Sleeping          |     4 |       ||     4
Armor: Robe              |    12 |     5 ||    17
Dodge: Dodged            |    58 |    21 ||    79

Table legend: (Time is in decaauts)
 A = Elapsed time spent in this place.
 B = Non-inter-level travel time spent in this place.
 C = Inter-level travel time spent in this place.
 D = Time resting spent in this place.
 E = Time spent auto-exploring this place.
 F = Levels seen in this place.
 G = Mean time per level.
                   A        B        C        D        E       F      G
               +--------+--------+--------+--------+--------+-----+--------+
         Total |   2562 |   2447 |    115 |    229 |   1897 |   2 | 1281.0 |
       Dungeon |   2562 |   2447 |    115 |    229 |   1897 |   2 | 1281.0 |
               +--------+--------+--------+--------+--------+-----+--------+

Top non-repeatable levels by time:
     D:2: 1583 daAuts
     D:1: 978 daAuts
